Map: Orbital Shipyard

Players

capac - Winner!

  • Race: Terran Terran
  • League: Gold

A.I. 1 (Very Hard)

  • Race: Protoss Protoss

VOD

Have the link to the VOD?

Description

Time

  • Played on: Nov. 30, 2015, 6:01 p.m.
  • Length: 9:47
Show
View Real Time Build Order
Export as new Build Order

capac Terran - Winner!

Build Orders: Liberator Opening, MMM Bio 

Get SALT Encoding   

  12  0:01  SCV  
  13  0:13  SCV  
  14  0:23  Supply Depot  
  14  0:25  SCV  
  15  0:42  Refinery  
  15  0:45  Barracks, SCV  
  16  0:57  SCV  
  17  1:09  SCV  
  18  1:21  SCV  
  19  1:33  SCV  
  19  1:35  Marine  
  21  1:41  Command Center  
  21  1:45  SCV  
  22  1:50  Supply Depot  
  22  1:54  Marine  
  23  2:07  Factory  
  23  2:11  SCV  
  23  2:14  Barracks  
  24  2:28  SCV  
  25  2:30  Refinery, Marine  
  27  2:46  Orbital Command  
  27  2:49  Marine  
  27  2:54  Starport  
  27  3:06  Orbital Command  
  27  3:07  Marine  
  27  3:11  Barracks Tech Lab  
  28  3:27  Marine  
  28  3:32  Barracks  
  28  3:34  Starport Reactor  
  29  3:36  Marauder  
  29  3:37  Stimpack  
  29  3:39  SCV x2  
  33  3:54  SCV  
  33  3:55  Liberator, SCV  
  36  3:57  Marauder  
  37  4:06  SCV, Barracks Reactor  
  37  4:07  SCV  
  42  4:18  Refinery, SCV  
  42  4:19  SCV  
  42  4:20  Marauder  
  46  4:30  Supply Depot  
  46  4:32  Supply Depot  
  46  4:34  Refinery  
  46  4:35  Liberator  
  46  4:38  Factory Tech Lab  
  46  4:42  Barracks Reactor  
  46  4:52  Marauder, Marine x2  
  53  4:55  Supply Depot  
  53  4:58  Supply Depot  
  53  5:00  SCV  
  53  5:01  SCV  
  55  5:11  Medivac  
  55  5:12  Marine x2  
  55  5:14  Marauder, SCV  
  61  5:17  SCV  
  63  5:26  Marine x2, SCV  
  66  5:29  SCV  
  67  5:38  SCV  
  67  5:41  SCV  
  69  5:43  Medivac x2  
  69  5:45  Marauder, Marine x2  
  69  5:46  Marine  
  69  5:47  Combat Shields  
  78  5:52  Marine  
  78  5:53  Supply Depot  
  78  5:55  SCV x2  
  81  6:04  Supply Depot  
  81  6:06  Marine x3  
  84  6:13  Marine  
  84  6:15  Marauder  
  87  6:21  SCV  
  87  6:22  SCV  
  87  6:23  Supply Depot, Marine  
  87  6:24  Marine x2  
  92  6:33  Supply Depot, SCV  
  92  6:34  SCV  
  92  6:36  Marauder  
  96  6:40  Marine  
  96  6:44  Marine x2  
  96  6:45  Marine  
  96  6:46  SCV x2  
  102  6:47  Supply Depot  
  102  6:58  SCV x2  
  104  7:07  Siege Tank  
  107  7:10  Medivac x2  
  109  8:00  Marine x4  
  109  8:01  Marauder  
Show
View Real Time Build Order
Export as new Build Order

A.I. 1 (Very Hard) Protoss 

Build Orders: 1 Gate Expand 

Get SALT Encoding   

  12  0:01  Probe (Chrono Boost)  
  13  0:11  Probe (Chrono Boost)  
  14  0:20  Pylon  
  14  0:22  Probe (Chrono Boost)  
  15  0:38  Probe (Chrono Boost)  
  16  0:49  Probe (Chrono Boost), Gateway  
  17  1:00  Probe (Chrono Boost)  
  18  1:07  Assimilator  
  18  1:10  Probe (Chrono Boost), Pylon  
  19  1:21  Probe (Chrono Boost)  
  20  1:29  Nexus  
  20  1:42  Cybernetics Core  
  20  1:44  Probe (Chrono Boost)  
  21  1:47  Zealot  
  23  2:02  Gateway  
  23  2:05  Probe (Chrono Boost)  
  24  2:12  Pylon  
  25  2:16  Probe (Chrono Boost)  
  25  2:19  Warp Gate, Zealot  
  27  2:28  Probe (Chrono Boost)  
  28  2:35  Assimilator  
  28  2:39  Probe (Chrono Boost)  
  28  2:42  Probe (Chrono Boost)  
  30  2:44  Adept  
  30  2:51  Adept  
  32  2:56  Probe (Chrono Boost)  
  35  3:04  Probe (Chrono Boost), Pylon  
  36  3:09  Adept  
  38  3:16  Sentry  
  40  3:28  Probe (Chrono Boost)  
  41  3:34  Gateway  
  41  3:35  Stalker  
  41  3:38  Probe (Chrono Boost)  
  41  3:41  Stalker  
  44  3:46  Probe (Chrono Boost)  
  47  3:54  Probe (Chrono Boost)  
  48  3:57  Probe (Chrono Boost)  
  49  4:02  Stalker  
  49  4:06  Probe (Chrono Boost)  
  49  4:08  Probe (Chrono Boost)  
  49  4:09  Stalker  
  56  4:17  Probe (Chrono Boost)  
  56  4:20  Probe (Chrono Boost)  
  57  4:28  Probe (Chrono Boost), Stalker  
  57  4:30  Pylon  
  61  4:32  Probe (Chrono Boost)  
  61  4:40  Pylon  
  61  4:48  Stalker x2  
  61  4:49  Probe x2 (Chrono Boost)  
  67  4:55  Stalker  
  70  5:00  Probe (Chrono Boost)  
  70  5:01  Probe (Chrono Boost)  
  70  5:02  Pylon  
  71  5:10  Stalker  
  71  5:11  Stalker  
  71  5:12  Probe (Chrono Boost), Pylon  
  71  5:13  Probe (Chrono Boost)  
  77  5:20  Stalker  
  79  5:23  Probe (Chrono Boost)  
  79  5:24  Probe (Chrono Boost)  
  81  5:28  Pylon  
  81  5:32  Stalker  
  81  5:33  Stalker  
  81  5:34  Probe (Chrono Boost)  
  81  5:35  Probe (Chrono Boost)  
  87  5:41  Stalker  
  89  5:45  Probe (Chrono Boost)  
  89  5:46  Probe (Chrono Boost), Twilight Council  
  91  5:53  Pylon  
  91  5:54  Stalker  
  91  5:55  Stalker  
  95  5:59  Assimilator  
  95  6:02  Assimilator  
  95  6:05  Zealot  
  97  6:14  Pylon  
  97  6:24  Probe (Chrono Boost)  
  98  6:31  Templar Archives  
  98  6:39  Forge  
  98  6:40  Pylon  
  98  6:49  Forge  
  98  7:03  Zealot  
  98  7:07  Sentry, Nexus  
  102  7:10  High Templar  
  96  7:16  Photon Cannon  
  96  7:20  Zealot, Robotics Facility  
  78  7:23  Gateway  
  78  7:28  Zealot  
  66  7:31  Zealot  
  64  7:38  Pylon  
  64  7:39  Sentry  
  66  7:46  Zealot  
  66  7:49  Zealot  
  52  7:59  Photon Cannon  
  52  8:01  Pylon  
  52  8:03  Photon Cannon  
  52  8:05  Observer  
  51  8:16  Probe (Chrono Boost)  
  51  8:18  Probe (Chrono Boost)  
  51  8:19  Probe (Chrono Boost)  
  42  8:20  Zealot  
  32  8:29  Probe (Chrono Boost)  
  32  8:30  Probe (Chrono Boost)  
  32  8:33  Pylon  
  32  8:36  Assimilator  
  32  8:38  Zealot  
  32  8:40  Probe (Chrono Boost)  
  21  8:46  Probe (Chrono Boost)  
  18  8:51  Probe (Chrono Boost)  
  18  8:52  Nexus  
  19  8:57  Zealot  
  19  9:02  Cybernetics Core  
  15  9:20  Probe (Chrono Boost), Zealot  
  15  9:31  Probe (Chrono Boost)  
Tags
 
Add a new tag
Caveats
  • Supply blocks, unpowered buildings, or Contaminate may cause inaccurate times.
  • Supply counts are checked every 10 seconds.